 Dungeon Crawl Stone Soup version 0.21.1-1-g345015f (webtiles) character file.

518 vatarom the Caller (level 7, -9/55 HPs)
             Began as a Merfolk Summoner on Apr 11, 2018.
             Mangled by an iguana (14 damage)
             ... on level 5 of the Dungeon.
             The game lasted 00:10:05 (5260 turns).

vatarom the Caller (Merfolk Summoner)               Turns: 5260, Time: 00:10:06

Health: -9/55      AC:  2    Str: 10    XL:     7   Next: 21%
Magic:  5/12       EV: 13    Int: 13    God:
Gold:   217        SH:  0    Dex: 12    Spells: 2/12 levels left

rFire    . . .     SeeInvis .   f - +0 halberd
rCold    . . .     Gourm    .   (shield currently unavailable)
rNeg     . . .     Faith    .   a - +0 robe
rPois    .         Spirit   .   (no helmet)
rElec    .         Reflect  .   (no cloak)
rCorr    .         Harm     .   (no gloves)
MR       .....                  (no boots)
Stlth    ++........             (no amulet)
HPRegen  0.18/turn              (no ring)
MPRegen  0.13/turn              (no ring)

@: no status effects
A: change form in water, swift swim, stealthy swim, clumsy 1, dopey 1
a: no special abilities


You were on level 5 of the Dungeon.
You were not hungry.

You visited 1 branch of the dungeon, and saw 5 of its levels.

You collected 217 gold pieces.

Inventory:

Hand Weapons
 f - a +0 halberd (weapon)
Armour
 a - a +0 robe (worn)
Scrolls
 h - 2 scrolls of amnesia
 j - a scroll of teleportation {unknown}
 n - 2 scrolls of enchant armour
 o - a scroll of enchant weapon {unknown}
 p - a scroll of blinking {unknown}
 q - a scroll of remove curse
Potions
 d - a potion of heal wounds
 e - a potion of curing {unknown}
 g - a potion of ambrosia {unknown}
 k - a potion of might {unknown}
 l - 2 potions of brilliance {unknown}
 m - a potion of lignification {unknown}
Books
 b - a book of Callings

   Spells                             Type                      Level
   a - Summon Small Mammal            Summoning                    1
   b - Call Imp                       Summoning                    2
   c - Call Canine Familiar           Summoning                    3
   d - Summon Guardian Golem          Hexes/Summoning              3
   e - Summon Lightning Spire         Summoning/Air                4
   f - Summon Ice Beast               Ice/Summoning                4
Comestibles
 c - 6 rations
 i - 2 chunks of flesh


   Skills:
 + Level 4.4 Fighting
 + Level 2.2 Polearms
 - Level 2.6 Dodging
 - Level 2.1 Stealth
 + Level 3.4 Spellcasting
 * Level 6.0 Summonings
 * Level 1.4 Ice Magic


You had 2 spell levels left.
You knew the following spells:

 Your Spells              Type           Power        Failure   Level  Hunger
a - Summon Small Mammal   Summ           ###.         1%          1    #......
b - Call Imp              Summ           ###.....     2%          2    ##.....
c - Call Canine Familiar  Summ           ###.....     5%          3    ###....
d - Summon Ice Beast      Ice/Summ       ##......     43%         4    #####..


Dungeon Overview and Level Annotations

Branches:
Dungeon (5/15)
 Temple: D:4-7

Altars:
Okawaru
Qazlal

Shops:
D:4 :

Annotations:
D:2 Crazy Yiuf
D:5 Menkaure


Innate Abilities, Weirdness & Mutations

You revert to your normal form in water.
You are very nimble and swift while swimming.
You are very stealthy in the water. (Stealth+)
You are clumsy. (Dex -2)
You are dopey. (Int -2)


Message History

The hound is in the way.
You completely miss the hound.
The hound is lightly wounded.
The jackal closely misses you. The hound bites you but does no damage.
Your white imp barely misses the hound.
The jackal barely misses you. The hound barely misses you.
Your crimson imp hits the jackal.
Unknown command.
Attack whom?
Press: ? - help, Dir - move target cursor, f/p - iguana
Aim: an iguana (almost dead)
You hit the iguana.
The iguana is almost dead.
The jackal bites you. The hound barely misses you.
Your white imp gestures at the hound.
The puff of frost hits the hound.
The iguana bites you!
* * * LOW HITPOINT WARNING * * *
The jackal misses you. The hound bites your white imp.
Your crimson imp blinks!
Your white imp closely misses the hound.
The iguana bites you!
You die...

....)P.♣≈≈≈≈♣♣♣....†.....#.....
........≈≈≈≈≈.♣..........# ....
......P..≈≈♣≈≈≈.♣........# ....
###....♣...≈≈♣...........# ...
#.....♣...P........l...+
#...........#..........#
#...(.......#+#####l##.#
#.....#'###.....##..##.###+#
#.....#...#.<.@5#...'......#
#.....#...#..lhh#.h.#......#
#.....#...#....5§...#......#
#<....#...#.....#...#......#
#.....#...#.....#...#......#
#.....#...#.....######.....#
#.....#...##.......# #.....#
#....'5......# .......#
#....#.......# ......#


You could see an iguana, a hound, a jackal, 2 friendly crimson imps and a
friendly white imp.

Vanquished Creatures
  A centaur (D:5)
  A centaur skeleton (D:4)
  2 worker ants (D:4)
  2 gnolls (D:4)
  5 adders
  An ooze (D:4)
  3 worms
  3 dart slugs
  4 leopard geckos
  2 orcs (D:3)
  10 bats
  6 giant cockroaches
  9 goblins
  8 hobgoblins
  A jackal (D:5)
  7 kobolds
  3 quokkas
  3 ball pythons
  A ball python skeleton (D:5)
  A frilled lizard (D:3)
  A leopard gecko skeleton (D:4)
  5 rats
  A fungus (D:2)
80 creatures vanquished.

Vanquished Creatures (collateral kills)
  A howler monkey (D:4)
  A bullfrog zombie (D:5)
  A hound (D:4)
  A bullfrog skeleton (D:4)
  A centaur skeleton (D:5)
  A worker ant (D:5)
  A gnoll (D:4)
  A shadow imp (D:4)
  2 leopard geckos (D:4)
  3 orcs
  2 goblins (D:1)
  A hobgoblin (D:3)
  5 jackals (D:5)
  3 kobolds
  A quokka (D:5)
  2 rats
27 creatures vanquished.

Vanquished Creatures (others)
  The ghost of Verendum the Shield-Bearer, an amateur GrFi (D:3)
  An adder (D:3)
  A hobgoblin (D:3)
  A quokka (D:3)
  A fungus (D:2)
5 creatures vanquished.

Grand Total: 112 creatures vanquished

Notes
Turn   | Place    | Note
-------+----------+-------------------------------------------
     0 | D:1      | vatarom the Merfolk Summoner began the quest for the Orb.
     0 | D:1      | Reached XP level 1. HP: 13/13 MP: 3/3
   278 | D:1      | Reached skill level 1 in Fighting
   278 | D:1      | Reached XP level 2. HP: 16/21 MP: 5/5
   453 | D:1      | Learned a level 2 spell: Call Imp
  1018 | D:1      | Reached XP level 3. HP: 26/26 MP: 6/6
  1315 | D:2      | Found a stormy altar of Qazlal.
  1570 | D:2      | Learned a level 3 spell: Call Canine Familiar
  1789 | D:2      | Reached XP level 4. HP: 33/33 MP: 7/7
  2381 | D:2      | Found a runed door.
  2386 | D:2      | Noticed Crazy Yiuf
  2957 | D:3      | Noticed Verendum's ghost (amateur GrFi)
  3463 | D:3      | Reached skill level 5 in Summonings
  3481 | D:3      | Reached XP level 5. HP: 40/40 MP: 9/9
  3566 | D:3      | Found an iron altar of Okawaru.
  3617 | D:3      | Banished Verendum's ghost
  3662 | D:3      | Found a faded altar of an unknown god.
  3998 | D:4      | Reached XP level 6. HP: 31/48 MP: 2/10
  4024 | D:4      | Gained mutation: You are clumsy. (Dex -2) [mutagenic glow]
  4115 | D:4      | Gained mutation: You are dopey. (Int -2) [mutagenic glow]
  4350 | D:4      | Found Kaypneh's Book Boutique.
  4374 | D:4      | Reached skill level 1 in Polearms
  4796 | D:4      | Learned a level 4 spell: Summon Ice Beast
  4820 | D:5      | Entered Level 5 of the Dungeon
  4839 | D:5      | Reached skill level 1 in Ice Magic
  4839 | D:5      | Reached XP level 7. HP: 37/55 MP: 5/12
  4852 | D:5      | Reached skill level 6 in Summonings
  4863 | D:5      | Noticed Menkaure
  5260 | D:5      | Mangled by an iguana

Skill      XL: |  1  2  3  4  5  6  7 |
---------------+----------------------+-----
Fighting       | 1 2 3 4 |  4.4
Summonings     | 5 6 |  6.0
Spellcasting   | 3 |  3.4
Polearms       | 2 |  2.2
Ice Magic      | 1 |  1.4
Dodging        | |  2.6
Stealth        | |  2.1

Action                   |  1- 3 |  4- 6 |  7- 9 || total
-------------------------+-------+-------+-------++-------
Melee: Short sword       |    38 |       |       ||    38
       Unarmed           |     2 |       |       ||     2
       Dagger            |    57 |   110 |       ||   167
       Halberd           |       |    47 |    34 ||    81
 Cast: Summon Small Mamm |     3 |       |       ||     3
       Call Imp          |     6 |    10 |     5 ||    21
       Call Canine Famil |       |    16 |     2 ||    18
  Use: Scroll            |       |     6 |     1 ||     7
       Potion            |       |     3 |       ||     3
 Stab: Sleeping          |     9 |     8 |     1 ||    18
       Distracted        |     1 |     1 |       ||     2
  Eat: Chunk             |     2 |     5 |       ||     7
       Ration            |     1 |     2 |       ||     3
Armor: Robe              |    15 |    19 |    13 ||    47
Dodge: Dodged            |    67 |    80 |    46 ||   193
